 Dungeon Crawl Stone Soup version 0.31-a0-257-gf185e81a89 (webtiles) character file.

Game seed: 2644650730052548401

412 qw the Shooter (level 6, -4/51 HPs)
             Began as a Minotaur Hexslinger on July 12, 2023.
             Slain by a gnoll
             ... wielding a +0 heavy halberd
              (19 damage)
             ... on level 4 of the Dungeon.
             The game lasted 00:01:11 (3337 turns).

qw the Shooter (Minotaur Hexslinger)                Turns: 3337, Time: 00:01:11

Health: -4/51      AC:  9    Str: 12    XL:     6   Next: 59%
Magic:  6/6        EV: 11    Int: 10    God:
Gold:   153        SH:  0    Dex: 15    Spells: 6/7 levels left

rFire   + . .        Y - +3 sling (freeze)
rCold   + . .        (no shield)
rNeg    . . .        l - +0 ring mail
rPois   +            (helmet restricted)
rElec   +            b - +0 cloak
rCorr   +            o - +1 pair of gloves
SInv    .            (no boots)
Will    +....        (no amulet)
Stlth   +            n - ring of willpower
HPRegen 0.28/turn    p - ring of poison resistance
MPRegen 0.10/turn

%: no passive effects
@: resistant
A: horns 2, retaliatory headbutt
a: no special abilities


You were on level 4 of the Dungeon.
You visited 1 branch of the dungeon, and saw 4 of its levels.

You collected 153 gold pieces.


Innate Abilities, Weirdness & Mutations

You have a pair of horns on your head.
You reflexively headbutt those who attack you in melee.


   Skills:
 - Level 3.0 Fighting
 + Level 5.7 Ranged Weapons
 - Level 4.8 Armour
 - Level 2.1 Dodging
 - Level 1.0 Spellcasting
 - Level 2.0 Hexes


You had 6 spell levels left.
You knew the following spells:

 Your Spells              Type           Power      Damage    Failure   Level
a - Slow                  Hex            16%        N/A       32%         1

Your spell library contained the following spells:

 Spells                   Type           Power      Damage    Failure   Level
 Inner Flame              Hex/Fire       2%         N/A       82%         3
 Portal Projectile        Hex/Tloc       4%         N/A       82%         3
 Cause Fear               Hex            2%         N/A       97%         4

Inventory:

Hand Weapons
 Y - a +3 sling of freezing (weapon)
Armour
 b - a +0 cloak (worn)
 l - a +0 ring mail (worn)
 o - a +1 pair of gloves (worn)
Jewellery
 n - a ring of willpower (left hand)
 p - a ring of poison resistance (right hand)
Scrolls
 g - 2 scrolls of identify
 j - a scroll of teleportation
Potions
 a - a potion of enlightenment
 d - a potion of might
 f - a potion of magic {unknown}
 h - a potion of brilliance {unknown}
 i - a potion of invisibility {unknown}
 k - a potion of curing
 q - 2 potions of resistance

Dungeon Overview and Level Annotations

Branches:
Dungeon (4/15)
 Temple: D:4-7

Altars:

Shops:
D:3 (

Annotations:
D:4 exclusion: gnoll, Eustachio


Message History

Enter note:
Enter note:
Enter note:
Enter note:
Enter note:
Enter note:
Enter note: You shoot a sling bullet.
The sling bullet closely misses the gnoll.
You shoot a sling bullet.
The sling bullet closely misses the gnoll.
You shoot a sling bullet. The sling bullet hits the gnoll.
The sling bullet freezes the gnoll.
The gnoll is heavily wounded.
The gnoll closely misses you.
You shoot a sling bullet.
The sling bullet completely misses the gnoll.
The gnoll hits you from afar with a +0 heavy halberd!
You shoot a sling bullet.
The sling bullet closely misses the gnoll.
The gnoll barely misses you.
You shoot a sling bullet.
The sling bullet closely misses the gnoll.
The gnoll hits you from afar with a +0 heavy halberd!!
Enter note:
Enter note:
Enter note:
3336 ||| DRINKING 3 sedimented brown potions.
It was a potion of resistance.
You feel protected.
Enter note:
Enter note:
Enter note:
Enter note:
Enter note:
Enter note:
Enter note:
Enter note: The gnoll hits you from afar with a +0 heavy halberd!!
You die...

#.#.# ### #. .# #.#.#####
#.. #.#.# #.#.#...# #.. #
#.#.###.#.#...###..
#.#.<.......'...'....
#.#...###)#.#...###..
#.........#.#...# #..
#.....###'#.#...# ###
###...@.##....#...#
....>.....'........#####
#######g####....###.##...
.........b......# #.##...
###.###########.##...
#.gr...............
#..5@5.............
#.r.5..............
#...............#..


You could see a gnoll.

Vanquished Creatures
  Sigmund (D:2)
  2 orc priests (D:4)
  Terence (D:3)
  An orc wizard (D:3)
  2 gnolls (D:4)
  7 adders
  A dart slug (D:1)
  3 orcs
  6 endoplasms
  2 giant cockroaches (D:2)
  5 goblins
  10 hobgoblins
  6 ball pythons
  3 bats
  7 frilled lizards
  9 kobolds
  4 rats
70 creatures vanquished.

Notes
Turn   | Place    | Note
-------+----------+-------------------------------------------
     0 | D:1      | qw the Minotaur Hexslinger began the quest for the Orb.
     0 | D:1      | Reached XP level 1. HP: 16/16 MP: 1/1
     0 | D:1      | 0 ||| qw: Version: 0.3-a-52-g30416fa
     0 | D:1      | 0 ||| qw: Game counter: 6795
     0 | D:1      | 0 ||| qw: Melee chars always use a shield: true
     0 | D:1      | 0 ||| qw: God list: Okawaru
     0 | D:1      | 0 ||| qw: Allow faded altars: false
     0 | D:1      | 0 ||| qw: Do Orc after clearing Dungeon:15 true
     0 | D:1      | 0 ||| qw: Do second Lair branch before Depths: true
     0 | D:1      | 0 ||| qw: Lair rune preference: random
     0 | D:1      | 0 ||| qw: Goals: Normal
     0 | D:1      | 0 ||| PLANNING D:1-11
   364 | D:1      | Reached skill level 3 in Ranged Weapons
   373 | D:1      | Reached XP level 2. HP: 23/23 MP: 2/2
  1133 | D:1      | 1133 ||| READING scroll labelled BESICR YRODWOU.
  1134 | D:1      | 1134 ||| DROPPING scroll of poison.
  1179 | D:2      | 1179 ||| STAIRDANCE
  1183 | D:1      | HP: 6/24 [poisoned by an adder]
  1184 | D:1      | HP: 2/24 [adder (4)]
  1301 | D:2      | Reached XP level 3. HP: 29/29 MP: 3/3
  1412 | D:2      | Reached skill level 4 in Ranged Weapons
  1714 | D:2      | 1714 ||| UPGRADING to +0 cloak.
  1719 | D:2      | 1719 ||| UPGRADING to +0 ring mail.
  1729 | D:2      | 1729 ||| DROPPING +0 robe.
  1730 | D:2      | 1730 ||| UPGRADING to ring of willpower.
  1731 | D:2      | 1731 ||| READING 2 scrolls labelled WEHOUMN ROUDYRGH.
  1832 | D:2      | 1832 ||| DRINKING 2 orange potions.
  1833 | D:2      | 1833 ||| DRINKING 2 fizzy brown potions.
  1834 | D:2      | 1834 ||| DRINKING 2 murky dark potions.
  1856 | D:2      | 1856 ||| DRINKING 2 metallic orange potions.
  1857 | D:2      | 1857 ||| DROPPING potion of lignification.
  1858 | D:2      | 1858 ||| DROPPING potion of attraction.
  1859 | D:2      | 1859 ||| DROPPING scroll of silence.
  1880 | D:3      | Noticed Sigmund
  1882 | D:3      | Reached XP level 4. HP: 36/36 MP: 4/4
  1888 | D:3      | 1888 ||| STAIRDANCE
  1899 | D:2      | HP: 9/36 [something (9)]
  1900 | D:2      | HP: 4/36 [something (6)]
  1905 | D:2      | Killed Sigmund
  1906 | D:2      | Reached XP level 5. HP: 3/41 MP: 5/5
  2140 | D:3      | Found Saqetz's Antique Weapon Shop.
  2295 | D:3      | 2295 ||| FLEEEEING.
  2307 | D:3      | Reached skill level 5 in Ranged Weapons
  2307 | D:3      | Reached XP level 6. HP: 39/48 MP: 6/6
  2311 | D:3      | 2311 ||| FLEEEEING.
  2312 | D:3      | 2312 ||| FLEEEEING.
  2525 | D:3      | Noticed Terence
  2536 | D:3      | Killed Terence
  2702 | D:3      | 2702 ||| UPGRADING to +1 pair of gloves.
  2707 | D:3      | 2707 ||| UPGRADING to ring of poison resistance.
  2708 | D:3      | 2708 ||| READING scroll labelled KYOCEKK IBOIC.
  2709 | D:3      | 2709 ||| READING 2 scrolls labelled FAANGU COTHEEDIJO.
  2710 | D:3      | 2710 ||| READING 3 scrolls labelled RARETI OCZACHE.
  2715 | D:3      | 2715 ||| READING scroll labelled UTHOPR TYAR.
  2716 | D:3      | 2716 ||| READING scroll labelled FOR BORRUTEEVE.
  2717 | D:3      | 2717 ||| DRINKING 2 yellow potions.
  2810 | D:4      | Reached skill level 3 in Fighting
  3138 | D:4      | 3138 ||| READING scroll of enchant weapon.
  3138 | D:4      | 3138 ||| ENCHANTING +2 sling of freezing.
  3152 | D:4      | Noticed Eustachio
  3162 | D:4      | 3162 ||| Stepping ~*~*~tactically~*~*~ (outnumbered).
  3165 | D:4      | 3165 ||| Stepping ~*~*~tactically~*~*~ (outnumbered).
  3171 | D:4      | 3171 ||| FLEEEEING.
  3177 | D:4      | HP: 5/51 [Eustachio/+0 rapier (9)]
  3178 | D:4      | 3178 ||| READING 2 scrolls of teleportation.
  3179 | D:4      | 3179 ||| DRINKING potion of heal wounds.
  3336 | D:4      | 3336 ||| DRINKING 3 sedimented brown potions.
  3337 | D:4      | Slain by a gnoll

Levels and vault maps discovered:
D:1:      dpeg_arrival_central, layout_basic, dreamdust_mushroom_princess
D:2:      layout_rooms, kennysheep_small_spiral, minmay_tromino_v2
D:3:      layout_loops_ring, serial_shops, shop, glass_columns_b, uniq_terence,
          uniq_sigmund
D:4:      layout_basic, uniq_eustachio

Skill      XL: |  1  2  3  4  5  6 |
---------------+-------------------+-----
Ranged Weapons | 3 4 5 |  5.7
Fighting       | 2 3 |  3.0
Armour         | 4 |  4.8
Dodging        | |  2.1
Spellcasting   | |  1.0
Hexes          | |  2.0

Action                     |  1- 3 |  4- 6 || total
---------------------------+-------+-------++-------
   Fire: Sling             |   108 |   135 ||   243
    Use: Scroll            |     2 |     7 ||     9
         Potion            |     4 |     3 ||     7
 Armour: Robe              |     3 |       ||     3
         Ring mail         |       |    35 ||    35
  Dodge: Dodged            |    20 |    60 ||    80

Table legend:
 A = Non-vault XP
 B = Vault XP
 C = Vault XP percentage of total XP
 D = Non-vault monster count
 E = Vault monster count
 F = Vault count percentage of total count
                 A         B        C        D         E       F
            +---------+---------+-------+---------+---------+-------
      Total |     316 |     273 |  46.3 |      67 |       3 |   4.3
            +---------+---------+-------+---------+---------+-------
        D:1 |      36 |       0 |   0.0 |      14 |       0 |   0.0
        D:2 |      47 |     237 |  83.5 |      22 |       2 |   8.3
        D:3 |      76 |      36 |  32.1 |      20 |       1 |   4.8
        D:4 |     157 |       0 |   0.0 |      11 |       0 |   0.0
            +---------+---------+-------+---------+---------+-------
